General information
- name: BNet
- type: Ladder team game (AT/RT)
- host: Battle.net
- saver: gorpingsince99
map: SilverpineForest
- players: 6
- length: 39:24
- speed: Fast
- version: 1.27 W3XP
- replay type:

» download(386 KB)
Players
team 1 (loser)
Cena (
teal | 97 APM | 3792 actions | 38:53)
5 Far Seer
3 Feral Spirit
2 Chain Lighting
4 Tauren Chieftain
3 Endurance Aura
1 War Stomp
» actions
| Assign group hotkey | 53 | |
| Basic commands | 71 | |
| Build / train | 96 | |
| ESC pressed | 5 | |
| Enter build submenu | 23 | |
| Enter hero's abilities submenu | 9 | |
| Give item / drop item | 1 | |
| Right click | 2170 | |
| Select / deselect | 887 | |
| Select group hotkey | 368 | |
| Use ability | 106 | |
3792 total
» units
| Peon | 28 | |
| Grunt | 13 | |
| Demolisher | 14 | |
| Troll Headhunter/Berserker | 4 | |
59 total
» upgrades
| Ranged Weapons | 3 | |
| Berserker Strength | 1 | |
| Armor | 3 | |
| Burning Oil | 1 | |
| Pillage | 1 | |
| Reinforced Defenses | 1 | |
| Berserker Upgrade | 1 | |
| Troll Regeneration | 1 | |
12 total
» buildings
| Altar of Storms | 1 | |
| Orc Burrow | 7 | |
| Barracks | 2 | |
| Voodoo Lounge | 1 | |
| Stronghold | 2 | |
| War Mill | 1 | |
| Watch Tower | 1 | |
| Fortress | 1 | |
| Great Hall | 2 | |
18 total
» build order
00:04 Altar of Storms
00:22 Orc Burrow
00:38 Barracks
01:56 Orc Burrow
02:53 Voodoo Lounge
03:58 Stronghold
04:18 War Mill
05:34 Watch Tower
07:10 Orc Burrow
07:14 Fortress
07:25 Orc Burrow
07:28 Orc Burrow
08:05 Orc Burrow
09:34 Barracks
10:48 Orc Burrow
18:28 Great Hall
35:26 Great Hall
» items
| Dust of Appearance | 1 | |
| Healing Salve | 2 | |
| Lesser Clarity Potion | 1 | |
| Scroll of Speed | 1 | |
5 total
Jetedefonce (
pink | 146 APM | 5725 actions | 39:13)
5 Death Knight
3 Death Coil
2 Unholy Aura
4 Lich
2 Frost Nova
2 Dark Ritual
4 Dreadlord
2 Sleep
2 Carrion Swarm
» actions
| Assign group hotkey | 51 | |
| Basic commands | 406 | |
| Build / train | 95 | |
| ESC pressed | 4 | |
| Enter build submenu | 20 | |
| Enter hero's abilities submenu | 13 | |
| Give item / drop item | 2 | |
| Right click | 2501 | |
| Select / deselect | 577 | |
| Select group hotkey | 1796 | |
| Use ability | 260 | |
5725 total
» units
| Acolyte | 11 | |
| Ghoul | 2 | |
| Crypt Fiend | 24 | |
| Obsidian Statue | 6 | |
43 total
» upgrades
| Creature Attack | 3 | |
| Burrow | 1 | |
| Web | 1 | |
| Destroyer Form | 1 | |
| Creature Carapace | 2 | |
8 total
» buildings
| Crypt | 1 | |
| Graveyard | 1 | |
| Ziggurat | 9 | |
| Altar of Darkness | 1 | |
| Tomb of Relics | 1 | |
| Halls of the Dead | 4 | |
| Slaughterhouse | 1 | |
| Black Citadel | 3 | |
| Spirit Tower | 3 | |
24 total
» build order
00:08 Crypt
00:19 Graveyard
00:41 Ziggurat
00:56 Altar of Darkness
01:45 Ziggurat
02:03 Tomb of Relics
03:48 Ziggurat
04:15 Halls of the Dead
04:15 Halls of the Dead
04:16 Halls of the Dead
05:38 Ziggurat
07:08 Slaughterhouse
09:35 Ziggurat
12:39 Black Citadel
12:40 Black Citadel
13:28 Ziggurat
13:33 Ziggurat
20:46 Spirit Tower
27:14 Ziggurat
27:16 Ziggurat
28:16 Spirit Tower
28:17 Spirit Tower
» items
| Rod of Necromancy | 1 | |
| Potion of Healing | 1 | |
| Scroll of Town Portal | 4 | |
| Dust of Appearance | 1 | |
7 total
Pokerowns (
red | 144 APM | 5602 actions | 38:50)
5 Warden
2 Shadow Strike
3 Blink
» actions
| Assign group hotkey | 57 | |
| Basic commands | 184 | |
| Build / train | 87 | |
| Enter build submenu | 37 | |
| Enter hero's abilities submenu | 6 | |
| Give item / drop item | 1 | |
| Remove unit from queue | 12 | |
| Right click | 2965 | |
| Select / deselect | 496 | |
| Select group hotkey | 1618 | |
| Use ability | 139 | |
5602 total
» units
| Wisp | 34 | |
| Archer | 16 | |
| Chimaera | 7 | |
| Hippogryph | 6 | |
63 total
» upgrades
| Corrosive Breath | 1 | |
| Strength of the Moon | 1 | |
2 total
» buildings
| Altar of Elders | 1 | |
| Moon Well | 6 | |
| Ancient of War | 1 | |
| Hunter's Hall | 2 | |
| Tree of Ages | 4 | |
| Ancient of Wonders | 1 | |
| Tree of Eternity | 1 | |
| Ancient of Wind | 1 | |
| Chimaera Roost | 4 | |
| Tree of Life | 5 | |
| Ancient Protector | 11 | |
37 total
» build order
00:11 Altar of Elders
00:19 Moon Well
00:35 Ancient of War
01:31 Moon Well
02:25 Moon Well
03:41 Hunter's Hall
03:44 Tree of Ages
03:45 Tree of Ages
05:09 Hunter's Hall
05:13 Ancient of Wonders
06:39 Tree of Eternity
06:40 Ancient of Wind
08:55 Moon Well
08:56 Moon Well
09:06 Chimaera Roost
09:06 Chimaera Roost
11:20 Tree of Life
12:49 Moon Well
18:21 Chimaera Roost
18:22 Chimaera Roost
19:45 Tree of Life
25:59 Tree of Life
29:07 Ancient Protector
29:09 Ancient Protector
29:12 Ancient Protector
29:47 Ancient Protector
30:25 Tree of Life
32:55 Ancient Protector
32:56 Ancient Protector
33:03 Ancient Protector
33:07 Ancient Protector
36:30 Tree of Life
36:31 Ancient Protector
36:46 Ancient Protector
36:55 Ancient Protector
38:27 Tree of Ages
» items
| Potion of Healing | 3 | |
| Moonstone | 1 | |
| Potion of Greater Healing | 1 | |
| Orb of Venom | 1 | |
| Scroll of Healing | 1 | |
| Potion of Lesser Invulnerability | 1 | |
8 total
team 2 (winner)
git_got (
yellow | 144 APM | 5647 actions | 39:13)
6 Mountain King
3 Storm Bolt
3 Bash
4 Paladin
2 Holy Light
2 Divine Shield
4 Blood Mage
2 Banish
2 Siphon Mana
» actions
| Assign group hotkey | 509 | |
| Basic commands | 47 | |
| Build / train | 173 | |
| Enter build submenu | 106 | |
| Enter hero's abilities submenu | 15 | |
| Give item / drop item | 9 | |
| Right click | 2741 | |
| Select / deselect | 566 | |
| Select group hotkey | 1146 | |
| Use ability | 335 | |
5647 total
» units
| Peasant | 24 | |
| Priest | 2 | |
| Dragonhawk Rider | 7 | |
| Gryphon Rider | 1 | |
34 total
» upgrades
| Masonry | 3 | |
| Lumber Harvesting | 2 | |
| Magic Sentry | 1 | |
| Priest Training | 2 | |
| Sorceress Training | 2 | |
| Swords | 3 | |
| Armor | 3 | |
| Animal War Training | 1 | |
17 total
» buildings
| Altar of Kings | 1 | |
| Farm | 7 | |
| Lumber Mill | 1 | |
| Scout Tower | 115 | |
| Arcane Tower | 18 | |
| Guard Tower | 58 | |
| Keep | 1 | |
| Town Hall | 5 | |
| Castle | 1 | |
| Arcane Vault | 3 | |
| Arcane Sanctum | 1 | |
| Gryphon Aviary | 2 | |
| Barracks | 2 | |
| Blacksmith | 1 | |
216 total
» build order
00:03 Altar of Kings
00:18 Farm
00:48 Lumber Mill
00:55 Farm
01:19 Scout Tower
01:20 Scout Tower
01:33 Scout Tower
01:41 Scout Tower
01:46 Arcane Tower
02:02 Scout Tower
02:12 Arcane Tower
02:14 Scout Tower
02:23 Guard Tower
02:25 Scout Tower
02:30 Guard Tower
02:44 Guard Tower
02:45 Scout Tower
02:58 Guard Tower
02:59 Scout Tower
03:00 Scout Tower
03:25 Guard Tower
03:26 Scout Tower
03:36 Guard Tower
03:41 Guard Tower
03:45 Scout Tower
03:45 Scout Tower
03:55 Guard Tower
03:56 Scout Tower
03:57 Scout Tower
04:21 Keep
04:47 Guard Tower
04:47 Guard Tower
04:57 Town Hall
05:01 Scout Tower
05:02 Scout Tower
05:04 Scout Tower
05:05 Scout Tower
05:07 Scout Tower
05:16 Guard Tower
05:23 Guard Tower
05:23 Guard Tower
05:23 Guard Tower
05:31 Guard Tower
05:31 Guard Tower
05:31 Guard Tower
05:38 Scout Tower
05:46 Arcane Tower
05:46 Arcane Tower
05:46 Arcane Tower
06:29 Scout Tower
06:31 Guard Tower
06:35 Guard Tower
06:46 Guard Tower
06:48 Guard Tower
06:50 Scout Tower
06:52 Scout Tower
06:54 Scout Tower
08:00 Castle
08:04 Farm
08:11 Guard Tower
08:12 Scout Tower
08:13 Scout Tower
08:18 Guard Tower
08:18 Scout Tower
08:20 Scout Tower
08:24 Arcane Vault
09:03 Guard Tower
09:04 Scout Tower
09:05 Scout Tower
09:15 Arcane Sanctum
09:19 Guard Tower
09:23 Scout Tower
09:25 Scout Tower
09:25 Scout Tower
09:26 Scout Tower
09:33 Guard Tower
09:36 Guard Tower
09:38 Scout Tower
09:38 Scout Tower
09:40 Scout Tower
09:40 Scout Tower
09:43 Scout Tower
09:44 Scout Tower
09:45 Scout Tower
09:45 Scout Tower
09:53 Arcane Tower
10:01 Guard Tower
10:02 Scout Tower
10:27 Guard Tower
11:17 Guard Tower
11:19 Guard Tower
11:20 Scout Tower
11:21 Scout Tower
11:25 Scout Tower
11:25 Scout Tower
11:26 Scout Tower
11:35 Scout Tower
11:37 Scout Tower
11:40 Arcane Vault
11:47 Guard Tower
11:49 Scout Tower
11:52 Scout Tower
11:53 Scout Tower
11:56 Scout Tower
12:13 Scout Tower
12:15 Scout Tower
12:16 Scout Tower
12:17 Scout Tower
12:25 Arcane Tower
12:34 Arcane Tower
13:02 Arcane Tower
13:14 Guard Tower
13:16 Scout Tower
13:45 Scout Tower
13:48 Arcane Tower
13:49 Guard Tower
13:51 Arcane Vault
13:54 Scout Tower
13:55 Scout Tower
13:55 Scout Tower
13:56 Scout Tower
14:10 Gryphon Aviary
14:11 Barracks
14:14 Blacksmith
14:16 Gryphon Aviary
14:19 Barracks
14:29 Arcane Tower
14:31 Arcane Tower
14:37 Scout Tower
14:43 Scout Tower
18:48 Farm
19:15 Guard Tower
19:16 Scout Tower
19:16 Scout Tower
19:19 Scout Tower
19:19 Scout Tower
19:23 Guard Tower
19:25 Scout Tower
19:26 Scout Tower
19:27 Scout Tower
20:17 Guard Tower
20:20 Scout Tower
20:20 Scout Tower
20:23 Scout Tower
20:26 Arcane Tower
20:29 Guard Tower
21:42 Guard Tower
21:59 Guard Tower
22:26 Scout Tower
23:21 Guard Tower
23:22 Scout Tower
23:49 Guard Tower
23:50 Scout Tower
25:26 Guard Tower
26:02 Town Hall
27:17 Town Hall
27:20 Scout Tower
27:20 Scout Tower
27:21 Scout Tower
27:21 Scout Tower
27:24 Town Hall
27:26 Scout Tower
27:27 Scout Tower
27:36 Farm
27:37 Farm
27:39 Farm
27:42 Scout Tower
27:43 Scout Tower
27:55 Arcane Tower
28:12 Scout Tower
28:13 Scout Tower
28:14 Scout Tower
28:15 Scout Tower
28:16 Guard Tower
28:41 Guard Tower
28:56 Guard Tower
30:08 Town Hall
30:17 Scout Tower
30:18 Scout Tower
30:19 Scout Tower
31:14 Guard Tower
32:04 Scout Tower
32:09 Scout Tower
32:31 Scout Tower
32:34 Guard Tower
32:35 Scout Tower
33:23 Guard Tower
33:25 Scout Tower
33:26 Scout Tower
33:26 Scout Tower
33:27 Scout Tower
33:27 Scout Tower
33:28 Scout Tower
33:28 Scout Tower
33:29 Scout Tower
34:42 Arcane Tower
34:43 Guard Tower
35:57 Scout Tower
35:58 Scout Tower
35:59 Guard Tower
36:28 Arcane Tower
36:32 Guard Tower
36:33 Scout Tower
36:35 Scout Tower
36:35 Scout Tower
37:05 Arcane Tower
37:06 Guard Tower
37:07 Scout Tower
37:08 Scout Tower
39:05 Guard Tower
39:05 Guard Tower
39:06 Guard Tower
39:09 Scout Tower
» items
| Staff of Teleportation | 3 | |
| Boots of Speed | 2 | |
| Medallion of Courage | 1 | |
| Staff of Sanctuary | 3 | |
| Orb of Lightning | 1 | |
| Scroll of Regeneration | 7 | |
| Lesser Clarity Potion | 3 | |
| Healing Salve | 2 | |
| Scroll of Speed | 1 | |
| Orb of Venom | 1 | |
| Warsong Battle Drums | 1 | |
| Orb of Fire | 1 | |
| Amulet of Spell Shield | 1 | |
27 total
gorpingsince99 (
orange | 94 APM | 3708 actions | 39:24)
8 Blademaster
3 Wind Walk
3 Critical Strike
1 Bladestorm
1 Mirror Image
» actions
| Assign group hotkey | 18 | |
| Basic commands | 27 | |
| Build / train | 76 | |
| ESC pressed | 1 | |
| Enter build submenu | 53 | |
| Enter hero's abilities submenu | 8 | |
| Give item / drop item | 16 | |
| Right click | 2318 | |
| Select / deselect | 226 | |
| Select group hotkey | 770 | |
| Use ability | 195 | |
3708 total
» units
» upgrades
| Spiked Barricades | 1 | |
| Reinforced Defenses | 1 | |
| Liquid Fire | 2 | |
| Ranged Weapons | 3 | |
| Ensnare | 1 | |
| Envenomed Spears | 1 | |
| War Drums Damage Increase | 1 | |
| Armor | 2 | |
| Shaman Training | 2 | |
| Witch Doctor Training | 1 | |
| Spirit Walker Training | 1 | |
16 total
» buildings
| Altar of Storms | 2 | |
| Orc Burrow | 6 | |
| War Mill | 1 | |
| Voodoo Lounge | 3 | |
| Watch Tower | 34 | |
| Stronghold | 4 | |
| Beastiary | 3 | |
| Fortress | 1 | |
| Great Hall | 3 | |
| Spirit Lodge | 2 | |
59 total
» build order
00:03 Altar of Storms
00:17 Orc Burrow
00:32 War Mill
01:26 Voodoo Lounge
01:59 Watch Tower
02:10 Watch Tower
02:57 Stronghold
02:57 Stronghold
03:23 Watch Tower
03:26 Watch Tower
03:58 Watch Tower
04:26 Orc Burrow
05:09 Watch Tower
05:22 Beastiary
05:22 Beastiary
05:33 Fortress
06:01 Watch Tower
06:01 Watch Tower
06:14 Watch Tower
07:13 Orc Burrow
08:09 Great Hall
08:20 Watch Tower
08:20 Watch Tower
08:25 Watch Tower
08:26 Watch Tower
09:25 Watch Tower
09:27 Watch Tower
09:36 Watch Tower
09:37 Watch Tower
10:00 Watch Tower
10:09 Watch Tower
11:05 Watch Tower
11:33 Watch Tower
11:34 Watch Tower
11:35 Watch Tower
11:35 Watch Tower
12:46 Watch Tower
12:47 Watch Tower
13:16 Voodoo Lounge
13:47 Spirit Lodge
14:30 Watch Tower
14:31 Watch Tower
14:32 Watch Tower
14:59 Watch Tower
16:18 Watch Tower
16:18 Watch Tower
16:19 Watch Tower
16:20 Watch Tower
17:02 Beastiary
17:03 Spirit Lodge
18:33 Altar of Storms
18:35 Orc Burrow
19:32 Voodoo Lounge
20:07 Orc Burrow
20:46 Orc Burrow
26:40 Great Hall
31:01 Great Hall
» items
| Staff of Teleportation | 1 | |
| Boots of Speed | 1 | |
| Healing Salve | 3 | |
| Lesser Clarity Potion | 8 | |
| Orb of Lightning | 1 | |
| Claws of Attack +12 | 1 | |
| Helm of Valor | 1 | |
16 total
NewAgeOfWig (
green | 126 APM | 4945 actions | 39:13)
6 Warden
3 Shadow Strike
3 Blink
5 Pandaren Brewmaster
3 Breath of Fire
2 Drunken Haze
» actions
| Assign group hotkey | 78 | |
| Basic commands | 15 | |
| Build / train | 99 | |
| ESC pressed | 1 | |
| Enter build submenu | 29 | |
| Enter hero's abilities submenu | 11 | |
| Give item / drop item | 19 | |
| Remove unit from queue | 2 | |
| Right click | 3036 | |
| Select / deselect | 842 | |
| Select group hotkey | 504 | |
| Use ability | 309 | |
4945 total
» units
| Wisp | 26 | |
| Druid of the Talon | 5 | |
31 total
» upgrades
| Well Spring | 1 | |
| Nature's Blessing | 1 | |
| Strength of the Wild | 3 | |
| Reinforced Hides | 2 | |
| Druid of the Talon Training | 2 | |
| Mark of the Talon | 1 | |
10 total
» buildings
| Altar of Elders | 1 | |
| Moon Well | 19 | |
| Tree of Ages | 3 | |
| Tree of Life | 1 | |
| Hunter's Hall | 1 | |
| Tree of Eternity | 2 | |
| Ancient of Wonders | 1 | |
| Ancient of Wind | 2 | |
30 total
» build order
00:12 Altar of Elders
00:14 Moon Well
01:38 Moon Well
05:11 Tree of Ages
06:21 Moon Well
06:29 Moon Well
07:04 Tree of Life
08:16 Hunter's Hall
09:01 Tree of Eternity
09:01 Tree of Eternity
09:46 Ancient of Wonders
14:46 Moon Well
14:47 Moon Well
14:48 Moon Well
14:52 Moon Well
14:53 Moon Well
16:53 Moon Well
16:53 Moon Well
20:17 Moon Well
20:18 Moon Well
20:42 Moon Well
20:46 Moon Well
20:47 Moon Well
22:09 Ancient of Wind
22:10 Ancient of Wind
36:42 Moon Well
36:43 Moon Well
36:45 Moon Well
» items
| Boots of Speed | 3 | |
| Staff of Teleportation | 2 | |
| Circlet of Nobility | 1 | |
| Lesser Clarity Potion | 2 | |
| Healing Salve | 5 | |
| Orb of Lightning | 2 | |
| Hood of Cunning | 1 | |
| Pendant of Mana | 1 | |
| Staff of Preservation | 1 | |
| Staff of Sanctuary | 1 | |
| Medallion of Courage | 1 | |
| Potion of Healing | 1 | |
| Orb of Venom | 1 | |
| Moonstone | 2 | |
24 total
Chat log
(00:04 / All) git_got: GL HF
(00:09 / All) Cena: gl hf
(00:10 / All) gorpingsince99: gorp 2 u my good sirs
(00:23 / All) gorpingsince99: Good Gorp
(01:28 / All) gorpingsince99: Praise Gorp
(02:02 / All) gorpingsince99: gorp me bitch
(02:19 / All) gorpingsince99: rate my gorp
(03:07 / All) gorpingsince99: dont get gorped
(03:18 / All) gorpingsince99: gorp my grunt
(03:23 / All) Cena: how to mute dumbass?
(03:30 / All) gorpingsince99: /gorp me bitch
(04:07 / All) gorpingsince99: incoming gorp
(09:38 / All) gorpingsince99: u got gopred
(14:22 / All) gorpingsince99: obsidian gorped
(17:06 / All) Cena: grope that shit
(17:44 / All) gorpingsince99: Get Gorped
(21:36 / All) gorpingsince99: gorp
(21:55 / All) gorpingsince99: Get Gorp
(26:30 / All) gorpingsince99: are u a noob?
(26:50 / All) gorpingsince99: first time war3??
(26:52 / All) gorpingsince99: first time gorped?
(27:49 / All) gorpingsince99: 1st time gorpeD?
(31:45 / All) gorpingsince99: 1st gorpage?
(32:50 / All) gorpingsince99: u ever been gorped?
(33:27 / All) gorpingsince99: ever experience total gorpage?
(33:47 / All) gorpingsince99: u ever done gorped?
(35:55 / All) gorpingsince99: fiend status: extreme gorped
(36:09 / All) gorpingsince99: 1 chop
(36:12 / All) gorpingsince99: 1 gorp
(36:48 / All) gorpingsince99: undead expansion gets gorped x3
(36:57 / All) Jetedefonce: suck my dick?
(37:01 / All) gorpingsince99: dick my gorp
(37:11 / All) gorpingsince99: send acolytes in
(37:13 / All) gorpingsince99: for gorpage
(37:45 / All) gorpingsince99: warden: gorped too hard
(38:01 / All) gorpingsince99: stop GoRpInG mE!!
(38:28 / All) gorpingsince99: dk gorping
(38:42 / All) git_got: gg
(38:45 / All) gorpingsince99: gg
(38:47 / All) gorpingsince99: gg
(38:49 / All) gorpingsince99: Get Gorped
(38:53 / All) Cena: tell your friend to fucking grow up
(38:55 / All) gorpingsince99: Gorp urself outta here
(38:58 / All) gorpingsince99: gorp up
(38:59 / All) gorpingsince99: idiot
(39:04 / All) gorpingsince99: nice gorps moron
(39:13 / All) NewAgeOfWig: UD noob